AoeStats
← TM Caesar

Arena

507146058Analyzed
1v1 RM · 16d ago on Sep 16, 2026· 38m 52s· 2 players
Game mode
Random Map
Map size
Tiny (2 player)
Population
200
Speed
Normal
Resources
Standard
Victory
Conquest
Starting age
Dark Age
Ending age
Imperial Age
RankedLock teamsTeams togetherTeam positionsShared explorationLock speedFull tech treeHidden civsTurbo modeCheats
Victory
Defeat
🇲🇽 Franks · Mexico
1768
+15
🇦🇷 Maya · Argentina
1751
-15
TM Caesar
10:38 Feudal Age
12:14 Double-Bit Axe
14:31 Castle Age
13:02 Loom
16:54 Fletching
20:33 Wheelbarrow
24:59 Imperial Age
23:03 Bodkin Arrow
23:20 Horse Collar
24:20 Bow Saw
24:22 Gold Mining
24:39 Padded Archer Armor
25:45 Bracer
28:46 Chemistry
33:11 Town Watch
36:45 Squires
VENÓN | Hyoga
10:52 Feudal Age
14:31 Castle Age
12:52 Double-Bit Axe
15:24 Bow Saw
26:47 Imperial Age
24:37 Fletching
24:46 Gold Mining
25:59 Bodkin Arrow
26:35 Elite Skirmisher
27:49 Conscription
27:49 Bodkin Arrow
28:26 Ballistics
31:43 Chemistry
30:52 Padded Archer Armor
37:44 Leather Archer Armor
38:52 Siege Engineers
Connection lost

Rejoining the realm…

Still unreachable

The connection could not be restored.

Session expired

The server has moved on; the page needs a fresh start.